[Event "45th FIDE Womens Olympiad 2024"]
[Site "Budapest"]
[Date "2024.09.19"]
[Round "8.8"]
[White "Doluhanova, Evgeniya"]
[Black "Lazarne Vajda, Szidonia"]
[Result "1/2-1/2"]
[ECO "A12"]
[WhiteElo "2304"]
[BlackElo "2283"]
[Annotator "RC"]
[PlyCount "73"]
[EventDate "2024.09.05"]
[EventType "team-tourn"]
[EventCountry "HUN"]
[SourceTitle "playchess.com"]
[Source "ChessBase"]
[SourceQuality "1"]
[WhiteTeam "Ukraine"]
[BlackTeam "Hungary"]
[WhiteTeamCountry "UKR"]
[BlackTeamCountry "HUN"]
[TimeControl "40/5400+30:1800+30"]

1. c4 Nf6 2. Nf3 c6 3. e3 d5 4. b3 Bf5 5. Bb2 h6 6. Be2 e6 7. O-O Nbd7 8. cxd5 exd5 9. d3 Bc5 10. Ne5 Nxe5 11. Bxe5 Qe7 12. d4 Bd6 13. Bxd6 Qxd6 14. Nc3 O-O 15. a3 Ne4 16. Nxe4 Bxe4 17. b4 a5 18. b5 c5 19. dxc5 Qxc5 20. Qd2 Rfc8 21. Rfc1 Qb6 22. Rc3 Rxc3 23. Qxc3 Rd8 24. Rd1 Rd7 25. f3 Bf5 26. Qe5 Qe6 27. Qb8+ Kh7 28. Qf4 Bg6 29. Kf2 Qe7 30. a4 Qa3 31. h4 h5 32. Rd4 Rd6 33. Qg5 Re6 34. Qf4 Rf6 35. Qg5 Re6 36. Qf4 Rf6 37. Qg5 1/2-1/2

[Event "45th FIDE Womens Olympiad 2024"]
[Site "Budapest"]
[Date "2024.09.19"]
[Round "8.8"]
[White "Richards, TrisAnn"]
[Black "Belgarde, Roudena"]
[Result "1-0"]
[ECO "A28"]
[WhiteElo "1653"]
[BlackElo "1540"]
[PlyCount "111"]
[EventDate "2024.09.05"]
[EventType "team-tourn"]
[EventCountry "HUN"]
[WhiteTeam "Saint Lucia"]
[BlackTeam "Haiti"]
[BlackTeamCountry "HAI"]
[TimeControl "40/5400+30:1800+30"]

1. c4 e5 2. Nc3 Nf6 3. Nf3 Nc6 4. e3 Bb4 5. Qb3 O-O 6. Be2 d6 7. O-O Bxc3 8. bxc3 Bg4 9. Re1 Rb8 10. d4 exd4 11. cxd4 d5 12. Ba3 Re8 13. Rac1 dxc4 14. Qxc4 Qd5 15. Qxd5 Nxd5 16. Nd2 Bxe2 17. Rxe2 Rbc8 18. Nb3 a5 19. Rc5 Ndb4 20. d5 Ne7 21. Bxb4 axb4 22. Rd2 c6 23. d6 b6 24. Rcc2 Nd5 25. d7 Nc3 26. dxe8=Q+ Rxe8 27. a3 Ne4 28. Rd7 Nf6 29. Rd6 h6 30. axb4 Re4 31. Rd4 Re6 32. Rd8+ Kh7 33. Nd4 Re4 34. Rxc6 Re7 35. Rxb6 Rc7 36. Rc6 Ra7 37. Rc1 Ra2 38. Rdc8 Rb2 39. b5 Nd5 40. R8c2 Rb4 41. Rd2 Kg6 42. h3 h5 43. Rdd1 Kh7 44. Rb1 Ra4 45. b6 Nc3 46. b7 Nxd1 47. b8=Q Nc3 48. Qb3 Ra6 49. Qxc3 Ra7 50. Nf5 f6 51. Qd3 g6 52. Ng3 Kh6 53. e4 g5 54. Nf5+ Kg6 55. Qd8 Kf7 56. Qc8 1-0

[Event "45th FIDE Womens Olympiad 2024"]
[Site "Budapest"]
[Date "2024.09.19"]
[Round "8.9"]
[White "Assaubayeva, Bibisara"]
[Black "Daulyte-Cornette, Deimante"]
[Result "1-0"]
[ECO "C58"]
[WhiteElo "2482"]
[BlackElo "2369"]
[Annotator "TA"]
[PlyCount "85"]
[EventDate "2024.09.05"]
[EventType "team-tourn"]
[EventCountry "HUN"]
[SourceTitle "playchess.com"]
[Source "ChessBase"]
[SourceQuality "1"]
[WhiteTeam "Kazakhstan"]
[BlackTeam "France"]
[WhiteTeamCountry "KAZ"]
[BlackTeamCountry "FRA"]
[TimeControl "40/5400+30:1800+30"]

1. e4 e5 2. Nf3 Nc6 3. Bc4 Nf6 4. Ng5 d5 5. exd5 Na5 6. Bb5+ c6 7. dxc6 bxc6 8. Bd3 Ng4 9. Nh3 (9. Nxh7 Bc5 10. Rf1 g6 $17 (10... Nxh2 11. Qh5 $19)) 9... Bc5 10. Be2 f5 ({Black should play} 10... Nf6 $11) 11. d3 O-O 12. O-O h6 13. Kh1 Nb7 14. Nc3 Nd6 15. Na4 Nxf2+ 16. Nxf2 Bxf2 17. Rxf2 Qh4 {[%emt 0:00:09][%csl LRa4,LRf2] [#] Prevents b3} 18. Be3 Qxa4 19. Qd2 Qh4 20. Bc5 {[%emt 0:03:34][%cal Oe2f3] Threatens to win with Bf3!} Rd8 21. Qc3 Qf6 22. a4 {[%emt 0:04:14] Wards off Nb5} Be6 23. Qa3 Nc8 24. a5 Rd7 25. Bf3 {[%emt 0:05:32] This pair of bishops is nice.} Bd5 26. Raf1 {[%emt 0:00:16] [#] Black must now prevent Bxd5+.} g6 27. Qa4 {[%emt 0:08:08] aiming for Re1.} Ne7 28. a6 {[%emt 0:02:51] White is more active.} Rb8 29. b4 Bxf3 30. Rxf3 Nd5 31. c4 $1 $36 {[%emt 0:02:28][%mdl 2048] Black is under strong pressure.} Nf4 ({Better is} 31... Nc7) 32. d4 $1 $16 Ne6 (32... Qe6 {might work better.} 33. Qb3 Ne2) 33. Qxc6 $18 Rc7 34. Qd5 {[%emt 0:01:46] Hoping for Bd6.} Rd8 {[%emt 0:02:27] Black is weak on the dark squares} 35. Bd6 (35. Qxe5 Qxe5 36. dxe5 Nxc5 37. bxc5 Re8 $15) (35. dxe5 $6 Rxd5 36. exf6 Rdd7 $18) 35... e4 36. Re3 {[%emt 0:04:23][%cal Bf3e3,Be3e4,Be4e6][%mdl 32] Rxe4 would now be deadly.} Kh7 $2 (36... Rf7 {keeps fighting.}) 37. c5 {[%emt 0:01:25][%cal Bc4c5,Bc5c6][%mdl 32] White is clearly winning.} ({Resist} 37. Rxe4 Nf4 38. Qa5 (38. Rfxf4 Rxd6 39. Qe5 Rxc4 $11) 38... Qxd6) 37... Nxd4 38. Rxe4 Nb5 39. Re6 Qf7 40. Qe5 {[%emt 0:03:05] Against Re8} Rcd7 41. c6 Nc7 42. Bxc7 Rxc7 43. Re1 {[%emt 0:00:00] Weighted Error Value: White=0.08 (flawless) /Black=0.29 (precise) .  Mistake:       	---       	Black=4      Inaccurate:     	White=3     	Black=4      OK:         	White=12    	Black=11     Best:        	White=4     	Black=1      Strong:       	White=2     	---} 1-0

[Event "45th FIDE Womens Olympiad 2024"]
[Site "Budapest"]
[Date "2024.09.19"]
[Round "8.9"]
[White "Shipindo, Rauha"]
[Black "Sele, Timea"]
[Result "1/2-1/2"]
[ECO "C60"]
[WhiteElo "1677"]
[BlackElo "1699"]
[PlyCount "60"]
[EventDate "2024.09.05"]
[EventType "team-tourn"]
[EventCountry "HUN"]
[WhiteTeam "Namibia"]
[BlackTeam "Liechtenstein"]
[WhiteTeamCountry "NAM"]
[BlackTeamCountry "LIE"]
[TimeControl "40/5400+30:1800+30"]

1. e4 e5 2. Nf3 Nc6 3. Bb5 g6 4. Nc3 Bg7 5. d3 Nge7 6. Be3 a6 7. Ba4 b5 8. Bb3 Na5 9. Qd2 d6 10. Ng5 Nxb3 11. axb3 Bb7 12. f4 exf4 13. Bxf4 Qd7 14. Qf2 O-O 15. O-O h6 16. Nf3 g5 17. Bd2 Ng6 18. Nd4 d5 19. Nf5 f6 20. Rae1 Ne7 21. Ng3 dxe4 22. Ncxe4 Bxe4 23. Rxe4 f5 24. Re2 Rae8 25. Bc3 Bxc3 26. bxc3 f4 27. Ne4 Nf5 28. Rfe1 Ne3 29. h3 Kg7 30. Qf3 Qe7 1/2-1/2

[Event "45th FIDE Womens Olympiad 2024"]
[Site "Budapest"]
[Date "2024.09.19"]
[Round "8.10"]
[White "Milliet, Sophie"]
[Black "Kamalidenova, Meruert"]
[Result "1-0"]
[ECO "A16"]
[WhiteElo "2348"]
[BlackElo "2352"]
[Annotator "TA"]
[PlyCount "71"]
[EventDate "2024.09.05"]
[EventType "team-tourn"]
[EventCountry "HUN"]
[SourceTitle "playchess.com"]
[Source "ChessBase"]
[SourceQuality "1"]
[WhiteTeam "France"]
[BlackTeam "Kazakhstan"]
[WhiteTeamCountry "FRA"]
[BlackTeamCountry "KAZ"]
[TimeControl "40/5400+30:1800+30"]

1. Nf3 Nf6 2. c4 g6 3. Nc3 Bg7 4. e4 e5 5. Nxe5 O-O 6. Bd3 Re8 7. Nf3 d5 8. cxd5 {[%emt 0:01:29] White is slightly better.} c6 9. O-O cxd5 10. e5 Nfd7 11. Bb5 {[%emt 0:01:19] Strongly threatening d4.} d4 $1 12. Nxd4 {[%emt 0:04:29] Threatens to win with Nf3.} a6 13. Ba4 {[%emt 0:05:13] Nf3 would now be deadly.} b5 14. Bb3 Nxe5 (14... Rxe5 $2 15. Qf3 (15. Bxf7+ Kxf7 16. Qf3+ Kg8 $11) 15... Nc5 16. Bxf7+ (16. Qxa8 Bb7 $17) 16... Kh8 17. Ne6 (17. Qxa8 Bb7 $16) 17... Bxe6 18. Qxa8 $18 (18. Bxe6 Nc6 $11)) 15. Nc2 Bg4 $1 16. f3 Bf5 {[%emt 0:00:17] Hoping for ...Nd3.} 17. d4 Nd3 (17... Nc4 $1 $15) 18. g4 Nxc1 19. Rxc1 Bxc2 20. Rxc2 Nc6 (20... Qxd4+ {simplifies} 21. Qxd4 Bxd4+ 22. Kg2 Ra7) 21. d5 Nd4 22. Rd2 Qg5 23. Kh1 (23. Rxd4 Qe3+ 24. Kg2 Bxd4 $19 (24... Qxd4 $2 25. Ne4 $19)) 23... Qe3 ({Better is} 23... Qf4 $14) 24. d6 $16 {[%emt 0:04:26] d7 is the strong threat.} Rad8 25. Rd3 ({White must play} 25. Ne4 $1 $16 {Black must now prevent Rd3.} Nxb3 26. axb3) 25... Qf4 $11 26. Nd5 $36 {[%emt 0:00:55][%mdl 2048] White fights for an advantage.} Qe5 27. Qd2 (27. Nc7 $5 Rf8 $8 28. Nd5 $11) 27... Kf8 $2 {[%emt 0:09:14] Loses the game.} (27... Rxd6 $2 28. Re3 Nxb3 29. Rxe5 (29. axb3 $2 Qxe3 30. Qxe3 Rxe3 $19) 29... Nxd2 (29... Rxe5 $2 30. Ne7+ Rxe7 31. Qxd6 $18) 30. Rxe8+ Bf8 31. Rc1 (31. Ne7+ Kg7 $18) 31... Rxd5 32. Rcc8 Nxf3 33. Rxf8+ Kg7 34. Kg2 $18) (27... Kh8 $11) 28. Nc7 $1 $18 Qe2 {[%emt 0:00:46] [#]} 29. Rd1 {[%emt 0:02:28] Active counter play!} Qxd2 30. R3xd2 Nxf3 (30... Rxd6 $142 31. Nxe8 Kxe8) 31. Rf2 Re3 32. Rdf1 (32. Nxa6 Bh6 33. Rdf1 Rxd6 $11) 32... Rxb3 (32... Ng5 $2 33. Rxf7+ (33. Bxf7 Be5 $18) 33... Nxf7 34. Rxf7+ Kg8 35. Rd7+ (35. Nxa6 $2 Rxb3 36. Rxg7+ Kxg7 $19) 35... Rxb3 36. Rxd8+ Kf7 37. Rd7+ (37. axb3 Bh6 $18) (37. Nxa6 Rxb2 38. Rd7+ Kf8 $16) 37... Kg8 38. axb3 $18) (32... Rxd6 33. Rxf3 Rxf3 34. Rxf3 Rf6) 33. axb3 {[%emt 0:00:03] White is clearly winning.} Ng5 34. h4 (34. Nxa6 Rxd6 35. Nc7 Rd3 36. Nxb5 Rxb3 $18) 34... Ne4 35. Rxf7+ Kg8 {[%emt 0:00:01] [#]} 36. Rxg7+ $1 {[%emt 0:00:15] Weighted Error Value: White=0.14 (very precise) /Black=0.39.  Loses game:     	---       	Black=1      Mistake:       	White=1     	Black=4      Inaccurate:     	White=3     	Black=2      OK:         	White=11    	Black=10     Best:        	White=5     	Black=4      Strong:       	---       	Black=2} 1-0

[Event "45th FIDE Womens Olympiad 2024"]
[Site "Budapest"]
[Date "2024.09.19"]
[Round "8.11"]
[White "Nurman, Alua"]
[Black "Guichard, Pauline"]
[Result "1-0"]
[ECO "B12"]
[WhiteElo "2324"]
[BlackElo "2374"]
[Annotator "RC"]
[PlyCount "95"]
[EventDate "2024.09.05"]
[EventType "team-tourn"]
[EventCountry "HUN"]
[SourceTitle "playchess.com"]
[Source "ChessBase"]
[SourceQuality "1"]
[WhiteTeam "Kazakhstan"]
[BlackTeam "France"]
[WhiteTeamCountry "KAZ"]
[BlackTeamCountry "FRA"]
[TimeControl "40/5400+30:1800+30"]

1. e4 c6 2. d4 d5 3. e5 Bf5 4. h4 h5 5. Bd3 Bxd3 6. Qxd3 Qa5+ 7. c3 Qa6 8. Qf3 e6 9. b4 b6 10. Ne2 c5 11. bxc5 bxc5 12. O-O Ne7 13. c4 Nbc6 14. cxd5 Nxd5 15. Nbc3 Rd8 16. Nxd5 Rxd5 17. dxc5 Nxe5 18. Qe4 f5 19. Qc2 Rxc5 20. Qb3 Kf7 21. Nf4 Be7 22. Qg3 Bf6 23. Rb1 Ng4 24. Qb3 Rhc8 25. Re1 Qc4 26. Qa3 Bd4 27. Be3 Bxe3 28. fxe3 Qc2 29. Nh3 R8c7 30. Rbd1 Qc3 31. Qa6 R5c6 32. Qe2 Qe5 33. Ng5+ Kg6 34. Nf3 Qg3 35. e4 Rc2 36. exf5+ Kh7 37. Ng5+ Kh6 38. Qxe6+ Nf6 39. Re2 Qxh4 40. Nh3 Rxe2 41. Qxe2 Qc4 42. Qd2+ Kh7 43. Ng5+ Kh8 44. Qd8+ Ng8 45. Qe8 Qc5+ 46. Kh1 Qe7 47. Qxh5+ Nh6 48. Qg6 1-0

[Event "45th FIDE Womens Olympiad 2024"]
[Site "Budapest"]
[Date "2024.09.19"]
[Round "8.12"]
[White "Benmesbah, Natacha"]
[Black "Kairbekova, Amina"]
[Result "1/2-1/2"]
[ECO "B30"]
[WhiteElo "2258"]
[BlackElo "2243"]
[Annotator "RC"]
[PlyCount "130"]
[EventDate "2024.09.05"]
[EventType "team-tourn"]
[EventCountry "HUN"]
[SourceTitle "playchess.com"]
[Source "ChessBase"]
[SourceQuality "1"]
[WhiteTeam "France"]
[BlackTeam "Kazakhstan"]
[WhiteTeamCountry "FRA"]
[BlackTeamCountry "KAZ"]
[TimeControl "40/5400+30:1800+30"]

1. e4 c5 2. Nf3 e6 3. Nc3 Nc6 4. Bb5 Nd4 5. O-O a6 6. Bd3 Nc6 7. Be2 Nd4 8. Bd3 Nc6 9. b3 Nge7 10. Bb2 Ng6 11. Re1 d6 12. Bf1 Be7 13. d4 cxd4 14. Nxd4 O-O 15. a4 Qa5 16. Ncb5 Nxd4 17. Bxd4 Bd7 18. Na3 d5 19. exd5 exd5 20. c3 Bd6 21. Nc2 Rae8 22. Rxe8 Rxe8 23. Ne3 Be6 24. g3 Rc8 25. Bg2 Ne7 26. Qh5 f6 27. b4 Qd8 28. Nxd5 Nf5 29. Bb6 Qd7 30. Rd1 Qxa4 31. Be4 Bf8 32. Re1 Qd7 33. Nf4 g6 34. Qf3 Bf7 35. Bxb7 Qd2 36. Bxc8 Qxe1+ 37. Kg2 Bc4 38. h3 Nd6 39. Bd7 Ne4 40. Be6+ Bxe6 41. Nxe6 Be7 42. Nf4 Nxc3 43. Bd4 Nb5 44. Qd5+ Kf8 45. Ne6+ Ke8 46. Bc5 Qe5 47. Qc6+ Kf7 48. Nf4 Nc7 49. Kh2 Bxc5 50. bxc5 g5 51. Nd3 Qe7 52. Nb4 Qe5 53. Qd7+ Qe7 54. Qd4 Ne6 55. Qe4 Qxc5 56. Nd3 Qd4 57. Qxh7+ Ng7 58. Kg2 a5 59. h4 gxh4 60. Nf4 hxg3 61. Qg6+ Kf8 62. fxg3 Qd2+ 63. Kh3 Qd7+ 64. Kg2 Qf5 65. Qh6 a4 1/2-1/2

[Event "45th FIDE Womens Olympiad 2024"]
[Site "Budapest"]
[Date "2024.09.19"]
[Round "8.13"]
[White "Dzagnidze, Nana"]
[Black "Stefanova, Antoaneta"]
[Result "1/2-1/2"]
[ECO "D30"]
[WhiteElo "2508"]
[BlackElo "2416"]
[Annotator "RC"]
[PlyCount "114"]
[EventDate "2024.09.05"]
[EventType "team-tourn"]
[EventCountry "HUN"]
[SourceTitle "playchess.com"]
[Source "ChessBase"]
[SourceQuality "1"]
[WhiteTeam "Georgia"]
[BlackTeam "Bulgaria"]
[WhiteTeamCountry "GEO"]
[BlackTeamCountry "BUL"]
[TimeControl "40/5400+30:1800+30"]

1. d4 d5 2. c4 c6 3. Nf3 e6 4. Qc2 dxc4 5. Qxc4 Nf6 6. g3 b5 7. Qb3 a6 8. Bg2 c5 9. dxc5 Bxc5 10. Nc3 Bb7 11. O-O Qb6 12. a4 Ne4 13. axb5 Bxf2+ 14. Kh1 Bc5 15. Nxe4 Bxe4 16. Ne5 Bxg2+ 17. Kxg2 Ra7 18. Nc4 Qb7+ 19. Rf3 O-O 20. Be3 Qxb5 21. Qxb5 axb5 22. Rxa7 Bxa7 23. Bxa7 bxc4 24. Rc3 Nc6 25. Bc5 Rb8 26. Rxc4 f5 27. Bd6 Na5 28. Rc5 Rb6 29. Rc8+ Kf7 30. Be5 Nc6 31. Rc7+ Ne7 32. Bd4 Rc6 33. Rb7 g5 34. b4 Ke8 35. Bc5 Nd5 36. Rxh7 Nf6 37. Re7+ Kd8 38. Ra7 Ne4 39. h4 Nxc5 40. bxc5 Ke8 41. Ra5 Kf7 42. Kf3 Kf6 43. Rb5 gxh4 44. gxh4 Rc8 45. e4 fxe4+ 46. Ke3 Ke5 47. h5 Kd5 48. Ra5 Rh8 49. c6+ Kxc6 50. Kxe4 Kd6 51. Kf4 Ke7 52. Rg5 Kf6 53. Rg6+ Kf7 54. Kg5 Rg8 55. Rxg8 Kxg8 56. Kf6 Kh7 57. Kxe6 Kh6 1/2-1/2

[Event "45th FIDE Womens Olympiad 2024"]
[Site "Budapest"]
[Date "2024.09.19"]
[Round "8.13"]
[White "Mahi R. Shah"]
[Black "Ollet, Myra"]
[Result "1-0"]
[ECO "E16"]
[WhiteElo "1602"]
[BlackElo "1658"]
[PlyCount "127"]
[EventDate "2024.09.05"]
[EventType "team-tourn"]
[EventCountry "HUN"]
[WhiteTeam "Tanzania"]
[BlackTeam "Guam"]
[WhiteTeamCountry "TAN"]
[BlackTeamCountry "GMA"]
[TimeControl "40/5400+30:1800+30"]

1. d4 Nf6 2. c4 e6 3. Nf3 b6 4. g3 Bb7 5. Bg2 d5 6. cxd5 Bxd5 7. O-O Be7 8. Nc3 Bb7 9. Qc2 O-O 10. e4 c5 11. dxc5 Bxc5 12. Bg5 h6 13. e5 hxg5 14. exf6 Qxf6 15. Nxg5 Qxg5 16. Bxb7 Nd7 17. Bxa8 Rxa8 18. Ne4 Qe7 19. Nxc5 Nxc5 20. Rfd1 Qb7 21. Rd4 Nd7 22. Rad1 Nf8 23. Rd8 Rxd8 24. Rxd8 Qe7 25. Qc8 g6 26. Re8 Qb4 27. Qc3 Qd6 28. a3 Qd1+ 29. Kg2 Qd5+ 30. Qf3 Qd6 31. Ra8 a5 32. Rc8 e5 33. Qc6 Qd4 34. Qc3 Qd5+ 35. Qf3 e4 36. Qe3 Kg7 37. Qc3+ Kg8 38. Qc6 Qf5 39. Qc3 Qd5 40. Qe3 Kg7 41. f3 exf3+ 42. Qxf3 Qd2+ 43. Kg1 Qd4+ 44. Kf1 Qd7 45. Rc6 Ne6 46. Rxb6 Qc7 47. Qc3+ Qxc3 48. bxc3 Kf6 49. Ra6 a4 50. Rxa4 Nc5 51. Rf4+ Ke6 52. a4 f6 53. a5 g5 54. Rb4 Kd7 55. Rb6 Ne4 56. a6 Nxc3 57. a7 Nd5 58. Rb7+ Ke6 59. a8=Q Ne3+ 60. Ke2 Nd5 61. Qe8+ Kd6 62. Rd7+ Kc5 63. Rxd5+ Kxd5 64. g4 1-0

[Event "45th FIDE Womens Olympiad 2024"]
[Site "Budapest"]
[Date "2024.09.19"]
[Round "8.14"]
[White "Salimova, Nurgyul"]
[Black "Javakhishvili, Lela"]
[Result "1/2-1/2"]
[ECO "E08"]
[WhiteElo "2412"]
[BlackElo "2446"]
[Annotator "TA"]
[PlyCount "118"]
[EventDate "2024.09.05"]
[EventType "team-tourn"]
[EventCountry "HUN"]
[SourceTitle "playchess.com"]
[Source "ChessBase"]
[SourceQuality "1"]
[WhiteTeam "Bulgaria"]
[BlackTeam "Georgia"]
[WhiteTeamCountry "BUL"]
[BlackTeamCountry "GEO"]
[TimeControl "40/5400+30:1800+30"]

1. d4 Nf6 2. Nf3 d5 3. c4 e6 4. g3 Be7 5. Bg2 O-O 6. O-O Nbd7 7. Qc2 a5 8. Bg5 h6 9. Bxf6 Nxf6 {[%emt 0:00:37] White has an edge.} 10. Rc1 $1 Bd7 11. Ne5 c5 12. cxd5 exd5 13. dxc5 Rc8 14. Qd3 Bxc5 15. Nc3 Be6 16. Rd1 Qd6 (16... Qb6 $15 17. e3 Bd6 (17... Qxb2 $2 {perishes.} 18. Rab1 $18)) 17. Nf3 $11 Rfd8 18. e3 Qd7 19. Rac1 Bb4 20. Ne2 Bf5 21. Qb3 Bc5 22. Nc3 Bg4 23. Qb5 Bb4 24. Qxd7 Bxd7 25. Ne2 Ba4 26. b3 Bd7 27. Nf4 g5 28. Nd3 Ba3 29. Rxc8 Bxc8 30. Nd4 Ne4 31. Nb5 Be7 32. Rc1 Bd7 33. Nd4 Rc8 {[%emt 0:00:54] Dodges Rc7} 34. Rxc8+ Bxc8 35. Bxe4 dxe4 {[%emt 0:00:03][%mdl 4096] Endgame. KBB-KNN} 36. Ne5 Bc5 37. Nc4 b6 38. Nd2 f5 39. g4 fxg4 40. Nxe4 Be7 41. Nc3 (41. Nc6 $15 Kf7 42. Nxe7 Kxe7 43. Nd2) 41... Kf7 $17 42. Na4 Bd8 43. Nb2 Bd7 44. Nc4 Bc7 {[%emt 0:00:46] Prevents Ne5+} 45. e4 {[%emt 0:03:11] [#]} (45. a4 $17 {is a better defense.}) 45... b5 $1 $19 46. Ne3 (46. Na3 {only move.}) 46... Be5 47. Ndf5 h5 48. Nd5 Be6 (48... Ke6 $142 {Hoping for ...Be8.} 49. Nfe7 h4) 49. Nfe3 Bd4 50. Nf5 {[%emt 0:02:30] [#]} Bc5 51. Nfe3 (51. Kg2 $17) 51... a4 52. bxa4 bxa4 53. Nc4 a3 54. Kg2 h4 55. Ne5+ Kg7 56. Nc4 Bd7 57. Ne5 Be6 {[%emt 0:02:15] A strong pair of Bishops.} 58. Nc4 Bd7 59. Ne5 $1 Be6 $2 {[%emt 0:00:04] Weighted Error Value: White=0.15 (very precise) /Black=0.22 (precise) .  Missed win:     	---       	Black=1      Mistake:       	White=4     	Black=2      Inaccurate:     	White=3     	Black=2      OK:         	White=15    	Black=25     Best:        	White=4     	---        Strong:       	White=2     	---} (59... h3+ $19 60. Kg1 Bc8) 1/2-1/2

[Event "45th FIDE Womens Olympiad 2024"]
[Site "Budapest"]
[Date "2024.09.19"]
[Round "8.14"]
[White "Ramas, Carmina Jasmine"]
[Black "Anahi Rishit Shah"]
[Result "1-0"]
[ECO "D02"]
[WhiteElo "1712"]
[BlackElo "1513"]
[PlyCount "113"]
[EventDate "2024.09.05"]
[EventType "team-tourn"]
[EventCountry "HUN"]
[WhiteTeam "Guam"]
[BlackTeam "Tanzania"]
[WhiteTeamCountry "GMA"]
[BlackTeamCountry "TAN"]
[TimeControl "40/5400+30:1800+30"]

1. d4 Nf6 2. Bf4 e6 3. Nf3 Nc6 4. e3 d5 5. Nbd2 Bd6 6. Ne5 Bxe5 7. dxe5 Nd7 8. Nf3 f6 9. exf6 Nxf6 10. c3 O-O 11. Bd3 Re8 12. Ne5 Nxe5 13. Bxe5 Rf8 14. O-O Nd7 15. Qh5 g6 16. Bxg6 Qe7 17. Bc2 Nxe5 18. Qxe5 c6 19. f4 Qg7 20. Qh5 Bd7 21. Rf3 Qf7 22. Qe5 Qf6 23. Rg3+ Kh8 24. Rh3 Qxe5 25. Rxh7+ Kg8 26. fxe5 Rf7 27. Rxf7 Kxf7 28. Rf1+ Kg7 29. Rf3 a5 30. Kf2 a4 31. a3 b5 32. h4 Rc8 33. Rg3+ Kh8 34. h5 c5 35. Rg4 Rf8+ 36. Rf4 Rc8 37. g4 Rg8 38. Rf7 Rg7 39. Rxg7 Kxg7 40. g5 Be8 41. Bd1 c4 42. Kg3 b4 43. axb4 Kh7 44. Kh4 Kg7 45. Bg4 d4 46. exd4 Kh7 47. Bxe6 Kg7 48. d5 Kh7 49. d6 Kg7 50. d7 Bxd7 51. Bxd7 Kh7 52. e6 Kg7 53. e7 a3 54. h6+ Kh7 55. e8=Q a2 56. Qf7+ Kh8 57. Qg7# 1-0

[Event "45th FIDE Womens Olympiad 2024"]
[Site "Budapest"]
[Date "2024.09.19"]
[Round "8.15"]
[White "Batsiashvili, Nino"]
[Black "Radeva, Viktoria"]
[Result "1/2-1/2"]
[ECO "A46"]
[WhiteElo "2461"]
[BlackElo "2297"]
[Annotator "TA"]
[PlyCount "134"]
[EventDate "2024.09.05"]
[EventType "team-tourn"]
[EventCountry "HUN"]
[SourceTitle "playchess.com"]
[Source "ChessBase"]
[SourceQuality "1"]
[WhiteTeam "Georgia"]
[BlackTeam "Bulgaria"]
[WhiteTeamCountry "GEO"]
[BlackTeamCountry "BUL"]
[TimeControl "40/5400+30:1800+30"]

1. d4 Nf6 2. Nf3 e6 3. Bf4 c5 4. e3 cxd4 5. exd4 b6 6. a4 {[%emt 0:00:13] A46: 1 d4 Nf6 2 Nf3 e6: Torre, London and Colle Systems.} Bb7 7. c3 Be7 8. Bd3 a6 9. O-O O-O 10. Na3 $146 ({Predecessor:} 10. h3 d6 11. Nbd2 Re8 12. Qc2 Nbd7 13. Rfe1 Bf8 14. Ne4 Nxe4 15. Bxe4 Bxe4 16. Rxe4 {½-½ Nagel,B (2216)-Koehler,R (2240) Oberliga Ost-B 9900 1999 (7.4)}) 10... d6 11. Nc2 Nbd7 12. Re1 Re8 13. h3 Bf8 14. Bh2 h6 15. Nd2 e5 16. Ne3 (16. Bc4 {simplifies} exd4 17. Rxe8 Nxe8 18. Nxd4 d5 19. Bb3) 16... Qc7 17. Qb3 Qc6 18. Qc4 Nh5 (18... h5 $14) 19. Qxc6 $16 Bxc6 20. Nec4 exd4 (20... Rad8 $14) 21. Rxe8 $1 $16 Rxe8 22. cxd4 ({Don't play} 22. Nxd6 Bxd6 23. Bxd6 dxc3 24. bxc3 a5 $11) 22... d5 23. Ne5 Nxe5 24. Bxe5 g5 25. Bxa6 Ra8 26. Be2 Nf4 27. Bxf4 gxf4 28. Bd1 Bb4 29. Nf3 f6 30. Bb3 Ra5 $1 31. Kf1 Bb5+ 32. Kg1 Bc6 $1 33. Bc2 Ra8 34. b3 b5 35. Rb1 bxa4 36. bxa4 Bxa4 37. Bf5 Bc3 38. Be6+ Kf8 39. Bxd5 Rd8 40. Be6 Be8 41. d5 Bh5 (41... Bg6 $14 42. Rb6 Be4) 42. Nh4 $16 Be5 (42... Ra8 $16 43. Kh2 Be5) 43. Rc1 $2 (43. Rb7 $18) 43... Rb8 (43... Be8 $14) 44. Nf5 $16 f3 {[%emt 0:03:17] [#]} (44... Bg6 $16 45. Nxh6 Rd8) 45. g3 $1 $18 ({Worse is} 45. Nxh6 Bf4 46. Ra1 Bxh6 $17) 45... Bg6 46. Nxh6 Rb2 47. Nf5 Bxf5 48. Bxf5 Bd4 49. Rf1 Ke7 50. Be4 Rb3 51. Rd1 Bc5 52. h4 Kd6 53. h5 Ke5 54. Re1 Bb4 {[%emt 0:00:05] [#]} 55. Bc2+ $1 (55. Bxf3+ $2 {loses.} Bxe1 56. Be2 Bd2 $19 (56... Kxd5 $2 57. h6 $19)) 55... Bxe1 56. Bxb3 Bd2 57. Kh2 f5 58. Kh3 Be1 59. h6 Kf6 60. g4 ({White should try} 60. d6 $18 {White threatens h7 and mate.} Bxf2 61. h7) 60... fxg4+ 61. Kxg4 Bxf2 62. Kxf3 Bc5 63. Bc2 Bf8 64. h7 Kg7 (64... Bg7 $16 65. Ke4 Ke7) 65. Kf4 Bd6+ 66. Ke3 Bc5+ 67. Kd3 Bd6 1/2-1/2

[Event "45th FIDE Womens Olympiad 2024"]
[Site "Budapest"]
[Date "2024.09.19"]
[Round "8.15"]
[White "Bertha Samson Mkude"]
[Black "Estur, Grace Co"]
[Result "1-0"]
[ECO "C50"]
[WhiteElo "1459"]
[BlackElo "1586"]
[PlyCount "85"]
[EventDate "2024.09.05"]
[EventType "team-tourn"]
[EventCountry "HUN"]
[WhiteTeam "Tanzania"]
[BlackTeam "Guam"]
[WhiteTeamCountry "TAN"]
[BlackTeamCountry "GMA"]
[TimeControl "40/5400+30:1800+30"]

1. e4 e5 2. Nf3 Nc6 3. Bc4 Nf6 4. Nc3 Bc5 5. O-O d6 6. h3 Ne7 7. d3 c6 8. Bg5 b5 9. Bb3 O-O 10. Bxf6 gxf6 11. Qd2 Be6 12. Nh2 Bxb3 13. axb3 Kg7 14. Ng4 Ng6 15. Ne2 d5 16. exd5 cxd5 17. Ng3 Nf4 18. Ra6 Bb6 19. Ne2 Qc7 20. Nxf4 exf4 21. g3 h5 22. Nh2 fxg3 23. Nf3 gxf2+ 24. Kg2 Rg8 25. d4 Kh7+ 26. Kxf2 Qg3+ 27. Ke2 Qxh3 28. Qd3+ Kh8 29. Raa1 Rae8+ 30. Kd2 Rg2+ 31. Kc3 Qc8+ 32. Kb4 Re6 33. Rh1 Qf8+ 34. Kxb5 Qe8+ 35. Kb4 a5+ 36. Ka3 Rg7 37. Rxh5+ Kg8 38. Rah1 Qe7+ 39. Ka2 Kf8 40. Rh8+ Rg8 41. Rxg8+ Kxg8 42. Qh7+ Kf8 43. Qh8# 1-0